 Dungeon Sprint DCSS version 0.29-a0-359-g541a27f54d (webtiles) character file.

Game seed: 12048968959336964151

13200000 Zeldest the Axe Maniac (level 27, -68/249 HPs)
             Began as a Mummy Warper on Apr 27, 2022.
             Was the Champion of Makhleb.
             Killed by dispel undead
             ... invoked by a wretched soul
              (148 damage)
             ... in the Dungeon (Sprint VIII: "Arena of Blood").
             The game lasted 00:05:08 (132 turns).

Zeldest the Axe Maniac (Mummy Warper)                Turns: 132, Time: 00:05:08

Health: -68/249    AC:  6    Str: 14    XL:     27
Magic:  49/54      EV: 36    Int: 14    God:    Makhleb [******]
Gold:   0          SH:  0    Dex: 24    Spells: 80/80 levels left

rFire   . . .      SeeInvis +   e - +∞ Axe of Woe
rCold   + . .      Faith    .   (shield currently unavailable)
rNeg    + + +      Spirit   .   b - +0 leather armour
rPois   ∞          Reflect  .   (no helmet)
rElec   .          Harm     .   (no cloak)
rCorr   .          Rampage  .   (no gloves)
Will    +++..      NoTele   +   (no boots)
Stlth   ++++++++++              (no amulet)
HPRegen 0.51/turn               c - ring of protection from fire
MPRegen 0.34/turn               f - ring of see invisible

@: slowed, very slow
A: cold resistance 1, negative energy resistance 3, torment resistance 2, heat
vulnerability 1, in touch with death 2, no potions
a: Renounce Religion, Minor Destruction, Lesser Servant of Makhleb, Major
Destruction, Greater Servant of Makhleb


You were in the Dungeon.
You worshipped Makhleb.
Makhleb was exalted by your worship.
You visited 1 branch

Inventory:

Hand Weapons
 a - a +0 hand axe
 e - the +∞ Axe of Woe (weapon)
   (You found it in the Dungeon)
Missiles
 d - 7 boomerangs of dispersal (quivered)
Armour
 b - a +0 leather armour (worn)
Jewellery
 c - a ring of protection from fire (left hand)
 f - a ring of see invisible (right hand)


   Skills:
 O Level 27 Fighting
 + Level 25.3(27) Short Blades
 + Level 25.3(27) Long Blades
 O Level 27 Axes
 + Level 25.3(27) Maces & Flails
 + Level 25.3(27) Polearms
 + Level 25.3(27) Staves
 + Level 25.3(27) Slings
 + Level 25.3 Bows
 + Level 25.3 Crossbows
 + Level 25.4(27) Throwing
 O Level 27 Armour
 O Level 27 Dodging
 O Level 27 Stealth
 + Level 25.3 Shields
 + Level 25.3 Unarmed Combat
 O Level 27 Spellcasting
 + Level 25.2 Conjurations
 O Level 27 Hexes
 + Level 25.3 Summonings
 O Level 27 Necromancy
 + Level 25.4 Translocations
 + Level 25.3 Transmutations
 + Level 25.3 Fire Magic
 + Level 25.4 Ice Magic
 + Level 25.3 Air Magic
 + Level 25.3 Earth Magic
 + Level 25.4 Poison Magic
 O Level 27 Invocations
 + Level 25.4 Evocations


You had 80 spell levels left.
You didn't know any spells.
Your spell library contained the following spells:

 Spells                   Type           Power      Damage    Failure   Level
 Blink                    Tloc           100%       N/A       0%          2
 Gell's Gravitas          Tloc           74%        N/A       0%          3
 Lesser Beckoning         Tloc           74%        N/A       0%          3
 Teleport Other           Tloc           74%        N/A       0%          3
 Manifold Assault         Tloc           74%        N/A       0%          5


Dungeon Overview and Level Annotations

Branches:
Dungeon (1/1)

Altars:
Makhleb


Innate Abilities, Weirdness & Mutations

You are immune to poison.
Your flesh is cold resistant. (rC+)
You are immune to negative energy. (rN+++)
You are immune to unholy pain and torment.
You are vulnerable to heat. (rF-)
You are strongly in touch with the powers of death.
You do not drink.


Message History

The meat beast bites you! The meat beast completely misses you.
You hear a shout! x2
A bag of meat comes into view. It is wielding a +9 war axe.
You hear a shout!
A bag of meat comes into view. It is wielding a +9 war axe.
The meat beast bites you! The meat beast tramples you!
You stumble backwards!
A meat beast comes into view.
The scourge bites you.
You convulse!
The tyrant gestures wildly while chanting.
You hear a shout!
The bag of meat moves out of view. x3
You hear a shout!
The large bag of meat shouts in stereo!
The meat beast gives a loud, deep croak!
You slash the bag of meat! You chop the bag of meat into pieces.
You kill the bag of meat!
Makhleb accepts your kill.
You slash the meat beast!
You cleave the meat beast in twain.
You kill the meat beast!
Makhleb accepts your kill.
You hit the accursed but do no damage.
You hew the accursed savagely.
You destroy the accursed!
Makhleb accepts your kill.
You feel better.
You slice the scourge!!
You pulverise the scourge into a thin bloody mist.
You kill the scourge!
Makhleb accepts your kill.
You feel better.
You feel extremely nervous for a moment...
You feel a surge of unholy energy.
The large abomination disappears in a puff of smoke! x2
The tyrant casts a spell.
You hear a shout!
The tyrant waves its bony arms in wide circles.
The air twists around and strikes you!!!
The meat beast gurgles, "Abandon hope, thou craven hand-wound paper wrap!"
You hear a shout!
You convulse!
Ouch! That really hurt!
You die... ......... .. .. ooo... ..#§Oo o.OoOz

.......o .#..O. ..o.o .
.........##..z.p#O..L. ..
....LWW.#... .o#.O.. #...
........#.XX###.opD#.....
.#...W.....XL...W#.......
.....L.....§.XW)))......#
..#...oM####XSo)@....####
.).....)†X#.X.XXX.####
))))))))MXX.X.L####
)..)....X.2.####
#############


You could see 4 tentacled monstrosities, a meat beast (fast), 3 tyrants, an
eight-headed meat hydra, a scourge, 2 fleshlords, 2 sculptors of flesh, 3 large
bags of meat, 8 large abominations, 3 meat berserkers, 2 wretched souls and 7
bags of meat.

Vanquished Creatures
  6 hell beasts (D)
  3 royal mummies (D)
  2 great orbs of eyes (D)
  A wraith (D)
  15 vampire knights (D)
  29 ogres (D)
  6 two-headed ogres (D)
  3 liches (D)
  4 hydras (D)
  2 phantoms (D)
  73 orcs (D)
  2 skeletal warriors (D)
  A sea snake (D)
147 creatures vanquished.

Notes
Turn   | Place    | Note
-------+----------+-------------------------------------------
     0 | D        | Found the +∞ Axe of Woe
     0 | D        | Zeldest the Mummy Warper began the quest for the Orb.
     0 | D        | Reached XP level 1. HP: 16/16 MP: 4/4
     0 | D        | Noticed a bag of meat
     1 | D        | Killed a bag of meat
     2 | D        | Reached skill level 10 in Armour
     2 | D        | Reached skill level 10 in Dodging
     2 | D        | Reached XP level 2. HP: 38/38 MP: 5/5
     2 | D        | Gained mutation: You are in touch with the powers of death.
                  | [Mummy growth]
     2 | D        | Reached XP level 3. HP: 44/44 MP: 7/7
     2 | D        | Reached XP level 4. HP: 51/51 MP: 8/8
     2 | D        | Reached XP level 5. HP: 57/57 MP: 9/9
     2 | D        | Reached XP level 6. HP: 64/64 MP: 10/10
     2 | D        | Reached XP level 7. HP: 70/70 MP: 11/11
     2 | D        | Reached XP level 8. HP: 76/76 MP: 12/12
     2 | D        | Reached XP level 9. HP: 82/82 MP: 13/13
     2 | D        | Reached XP level 10. HP: 89/89 MP: 14/14
     2 | D        | Noticed a bag of meat
     3 | D        | Noticed a meat berserker
     4 | D        | Became a worshipper of Makhleb the Destroyer
     4 | D        | Noticed a bag of meat
     5 | D        | Noticed a bag of meat
     5 | D        | Noticed a bag of meat
     5 | D        | Noticed a meat berserker
     6 | D        | Noticed a bag of meat
     7 | D        | Noticed a bag of meat
     7 | D        | Noticed a bag of meat
     7 | D        | Noticed a meat berserker
     8 | D        | Killed a meat berserker
     9 | D        | Reached skill level 15 in Fighting
     9 | D        | Reached XP level 11. HP: 102/102 MP: 15/15
     9 | D        | Reached XP level 12. HP: 109/109 MP: 16/16
     9 | D        | Killed a bag of meat
     9 | D        | Reached * piety under Makhleb
     9 | D        | Noticed a bag of meat
    10 | D        | Gained mutation: You are strongly in touch with the powers
                  | of death. [Mummy growth]
    10 | D        | Reached XP level 13. HP: 117/117 MP: 17/17
    10 | D        | Killed a bag of meat
    11 | D        | Killed a bag of meat
    11 | D        | Killed a bag of meat
    11 | D        | Reached ** piety under Makhleb
    11 | D        | Noticed a bag of meat
    12 | D        | Reached skill level 15 in Armour
    12 | D        | Reached skill level 15 in Dodging
    12 | D        | Reached XP level 14. HP: 130/130 MP: 18/18
    12 | D        | Killed a bag of meat
    12 | D        | Noticed a bag of meat
    12 | D        | Noticed a large bag of meat
    13 | D        | Killed a bag of meat
    13 | D        | Killed a meat berserker
    13 | D        | Reached *** piety under Makhleb
    13 | D        | Killed a meat berserker
    14 | D        | Reached XP level 15. HP: 144/144 MP: 19/19
    14 | D        | Noticed a meat berserker
    15 | D        | Noticed a meat berserker
    15 | D        | Noticed a meat berserker
    16 | D        | Noticed a meat berserker
    17 | D        | Noticed a meat berserker
    17 | D        | Noticed a meat berserker
    18 | D        | Noticed a destroyer
    18 | D        | Noticed a meat berserker
    18 | D        | Noticed a meat berserker
    18 | D        | Noticed a large bag of meat
    18 | D        | Noticed a destroyer
    18 | D        | Noticed a meat berserker
    19 | D        | Killed a meat berserker
    19 | D        | Reached **** piety under Makhleb
    19 | D        | Killed a meat berserker
    19 | D        | Noticed a destroyer
    19 | D        | Noticed a large bag of meat
    20 | D        | Reached XP level 16. HP: 157/157 MP: 20/20
    20 | D        | Noticed a meat berserker
    21 | D        | Noticed a meat berserker
    21 | D        | Noticed a meat berserker
    21 | D        | Noticed a meat berserker
    21 | D        | Noticed a destroyer
    21 | D        | Noticed a meat berserker
    22 | D        | Noticed a meat berserker
    23 | D        | Killed a destroyer
    23 | D        | Noticed a meat berserker
    24 | D        | Reached skill level 27 in Axes
    24 | D        | Killed a meat berserker
    24 | D        | Reached ***** piety under Makhleb
    24 | D        | Noticed a large bag of meat
    25 | D        | Reached XP level 17. HP: 159/171 MP: 21/21
    25 | D        | Killed a meat berserker
    25 | D        | Killed a meat berserker
    26 | D        | Reached skill level 27 in Fighting
    27 | D        | Killed a meat berserker
    27 | D        | Killed a meat berserker
    27 | D        | Noticed a destroyer
    28 | D        | Reached skill level 27 in Armour
    28 | D        | Reached skill level 27 in Dodging
    28 | D        | Reached XP level 18. HP: 182/182 MP: 21/27
    28 | D        | Reached ****** piety under Makhleb
    28 | D        | Killed a meat berserker
    29 | D        | Killed a meat berserker
    30 | D        | Reached XP level 19. HP: 189/189 MP: 21/34
    30 | D        | Killed a meat berserker
    30 | D        | Killed a destroyer
    31 | D        | Reached skill level 27 in Stealth
    31 | D        | Reached skill level 27 in Invocations
    31 | D        | Reached skill level 1 in Short Blades
    31 | D        | Reached skill level 1 in Long Blades
    31 | D        | Reached skill level 1 in Maces & Flails
    31 | D        | Reached skill level 1 in Polearms
    31 | D        | Reached skill level 1 in Staves
    31 | D        | Reached skill level 1 in Slings
    31 | D        | Reached skill level 1 in Bows
    31 | D        | Reached skill level 1 in Crossbows
    31 | D        | Reached skill level 1 in Shields
    31 | D        | Reached skill level 1 in Unarmed Combat
    31 | D        | Reached skill level 1 in Conjurations
    31 | D        | Reached skill level 1 in Hexes
    31 | D        | Reached skill level 1 in Summonings
    31 | D        | Reached skill level 1 in Transmutations
    31 | D        | Reached skill level 1 in Fire Magic
    31 | D        | Reached skill level 1 in Ice Magic
    31 | D        | Reached skill level 1 in Air Magic
    31 | D        | Reached skill level 1 in Earth Magic
    31 | D        | Reached skill level 1 in Poison Magic
    31 | D        | Reached skill level 1 in Evocations
    31 | D        | Reached XP level 20. HP: 197/197 MP: 21/37
    31 | D        | Killed a destroyer
    31 | D        | Killed a meat berserker
    31 | D        | Noticed a large bag of meat
    32 | D        | Reached skill level 5 in Necromancy
    32 | D        | Reached skill level 5 in Translocations
    32 | D        | Killed a large bag of meat
    33 | D        | Reached skill level 5 in Staves
    33 | D        | Killed a meat berserker
    33 | D        | Killed a meat berserker
    34 | D        | Reached XP level 21. HP: 196/204 MP: 21/38
    36 | D        | Reached skill level 10 in Necromancy
    37 | D        | Reached skill level 10 in Hexes
    37 | D        | Reached XP level 22. HP: 212/212 MP: 22/39
    37 | D        | Killed a large bag of meat
    37 | D        | Killed a large bag of meat
    37 | D        | Noticed a large bag of meat
    38 | D        | Reached skill level 10 in Short Blades
    38 | D        | Reached skill level 10 in Long Blades
    38 | D        | Reached skill level 10 in Maces & Flails
    38 | D        | Reached skill level 10 in Polearms
    38 | D        | Reached skill level 10 in Staves
    38 | D        | Reached skill level 10 in Slings
    38 | D        | Reached skill level 10 in Bows
    38 | D        | Reached skill level 10 in Crossbows
    38 | D        | Reached skill level 10 in Throwing
    38 | D        | Reached skill level 10 in Shields
    38 | D        | Reached skill level 10 in Unarmed Combat
    38 | D        | Reached skill level 10 in Conjurations
    38 | D        | Reached skill level 10 in Summonings
    38 | D        | Reached skill level 10 in Translocations
    38 | D        | Reached skill level 10 in Transmutations
    38 | D        | Reached skill level 10 in Fire Magic
    38 | D        | Reached skill level 10 in Ice Magic
    38 | D        | Reached skill level 10 in Air Magic
    38 | D        | Reached skill level 10 in Earth Magic
    38 | D        | Reached skill level 10 in Poison Magic
    38 | D        | Reached skill level 10 in Evocations
    38 | D        | Killed a large bag of meat
    38 | D        | Noticed a destroyer
    39 | D        | Reached skill level 15 in Spellcasting
    39 | D        | Killed a destroyer
    40 | D        | Reached XP level 23. HP: 165/219 MP: 23/43
    40 | D        | Killed a large bag of meat
    42 | D        | Reached skill level 15 in Necromancy
    43 | D        | Noticed a destroyer
    43 | D        | Killed a destroyer
    44 | D        | Reached XP level 24. HP: 215/227 MP: 23/45
    45 | D        | Reached skill level 15 in Hexes
    46 | D        | Noticed a tyrant
    47 | D        | Killed a large bag of meat
    49 | D        | Reached skill level 15 in Short Blades
    49 | D        | Reached skill level 15 in Long Blades
    49 | D        | Reached skill level 15 in Polearms
    49 | D        | Reached skill level 15 in Slings
    49 | D        | Reached skill level 15 in Throwing
    49 | D        | Reached skill level 15 in Unarmed Combat
    49 | D        | Reached skill level 15 in Conjurations
    49 | D        | Reached skill level 15 in Summonings
    49 | D        | Reached skill level 15 in Translocations
    49 | D        | Reached skill level 15 in Transmutations
    49 | D        | Reached skill level 15 in Ice Magic
    49 | D        | Reached skill level 15 in Air Magic
    49 | D        | Reached skill level 15 in Earth Magic
    49 | D        | Reached skill level 15 in Poison Magic
    49 | D        | Reached skill level 15 in Evocations
    50 | D        | Killed a destroyer
    51 | D        | Reached skill level 15 in Maces & Flails
    51 | D        | Reached skill level 15 in Staves
    51 | D        | Reached skill level 15 in Bows
    51 | D        | Reached skill level 15 in Crossbows
    51 | D        | Reached skill level 15 in Shields
    51 | D        | Reached skill level 15 in Fire Magic
    51 | D        | Reached XP level 25. HP: 222/234 MP: 25/48
    52 | D        | Noticed a tyrant
    53 | D        | Killed a tyrant
    57 | D        | Killed a destroyer
    59 | D        | Noticed an accursed
    62 | D        | Killed a tyrant
    68 | D        | Noticed a meat beast
    69 | D        | Killed a meat beast
    70 | D        | Reached XP level 26. HP: 242/242 MP: 30/50
    78 | D        | Noticed a destroyer
    78 | D        | Noticed a destroyer
    79 | D        | Noticed a destroyer
    79 | D        | Noticed a destroyer
    79 | D        | Noticed an accursed
    80 | D        | Noticed a destroyer
    81 | D        | Noticed a destroyer
    82 | D        | Killed a destroyer
    82 | D        | Killed a destroyer
    84 | D        | Killed a destroyer
    89 | D        | Reached XP level 27. HP: 249/249 MP: 36/52
    89 | D        | Killed a destroyer
    89 | D        | Killed an accursed
    90 | D        | Noticed a meat beast
    90 | D        | Noticed a meat beast
    91 | D        | Noticed a meat beast
    92 | D        | Killed a destroyer
    94 | D        | Killed a meat beast
    95 | D        | Reached skill level 27 in Spellcasting
    95 | D        | Killed a meat beast
    96 | D        | Killed a meat beast
    97 | D        | Killed an accursed
    97 | D        | Noticed a tyrant
   102 | D        | Noticed a meat beast
   105 | D        | Noticed a dread
   108 | D        | Killed a meat beast
   108 | D        | Noticed a destroyer
   109 | D        | Killed a tyrant
   110 | D        | Reached skill level 27 in Necromancy
   110 | D        | Killed a destroyer
   110 | D        | Noticed an accursed
   111 | D        | Noticed an accursed
   115 | D        | Killed a dread
   117 | D        | Noticed a tyrant
   118 | D        | Killed a destroyer
   123 | D        | Noticed a tyrant
   123 | D        | Noticed a fleshlord
   125 | D        | Noticed a destroyer
   127 | D        | Noticed a tyrant
   127 | D        | Noticed a fleshlord
   129 | D        | Noticed a meat beast
   130 | D        | Noticed a fleshlord
   130 | D        | Killed a destroyer
   130 | D        | Noticed a large bag of meat
   131 | D        | Reached skill level 27 in Hexes
   131 | D        | Noticed a large bag of meat
   131 | D        | Noticed a large bag of meat
   131 | D        | Noticed a meat beast
   132 | D        | Killed a meat beast
   132 | D        | Killed an accursed
   132 | D        | Killed from afar by a wretched soul

Illustrated notes

Levels and vault maps discovered:
D:        meatsprint

Skill      XL: |  1  2  3  4  5  6  7  8  9 10 11 12 13 14 15 16 17 18 19 20 21 22 23 24 25 26 27 |
---------------+----------------------------------------------------------------------------------+-----
Fighting       | 12 15 18 21 23 26 27 | 27.0
Axes           | 14 17 18 21 24 26 27 | 27.0
Armour         | 10 12 13 15 18 19 22 27 | 27.0
Dodging        | 10 12 13 15 18 19 22 27 | 27.0
Stealth        | 12 22 27 | 27.0
Invocations    | 12 22 27 | 27.0
Short Blades   | 1 7 9 11 13 15 16 18 25 | 25.3
Long Blades    | 1 7 9 11 13 15 16 18 25 | 25.3
Maces & Flails | 1 7 9 11 13 15 16 18 25 | 25.3
Polearms       | 1 7 9 11 13 15 16 18 25 | 25.3
Staves         | 1 7 9 11 13 15 16 18 25 | 25.3
Slings         | 1 7 9 11 13 15 16 18 25 | 25.3
Bows           | 1 7 9 11 13 15 16 18 25 | 25.3
Crossbows      | 1 7 9 11 13 15 16 18 25 | 25.3
Throwing       | 2 8 9 11 13 15 17 18 25 | 25.4
Shields        | 1 7 9 11 13 15 16 18 25 | 25.3
Unarmed Combat | 1 7 9 11 13 15 16 18 25 | 25.3
Spellcasting   | 4 11 13 16 18 21 23 25 27 | 27.0
Conjurations   | 1 7 9 11 13 15 16 18 25 | 25.2
Hexes          | 1 8 10 12 14 16 18 20 27 | 27.0
Summonings     | 1 7 9 11 13 15 16 18 25 | 25.3
Necromancy     | 2 9 11 13 15 17 19 21 27 | 27.0
Translocations | 3 8 9 11 13 15 17 18 25 | 25.4
Transmutations | 1 7 9 11 13 15 16 18 25 | 25.3
Fire Magic     | 1 7 9 11 13 15 16 18 25 | 25.3
Ice Magic      | 1 7 9 11 13 15 16 18 25 | 25.4
Air Magic      | 1 7 9 11 13 15 16 18 25 | 25.3
Earth Magic    | 1 7 9 11 13 15 16 18 25 | 25.3
Poison Magic   | 1 7 9 11 13 15 16 18 25 | 25.4
Evocations     | 1 7 9 11 13 15 16 18 25 | 25.4

Action                   |  1- 3 |  4- 6 |  7- 9 | 10-12 | 13-15 | 16-18 | 19-21 | 22-24 | 25-27 || total
-------------------------+-------+-------+-------+-------+-------+-------+-------+-------+-------++-------
Melee: Executioner's axe |     1 |       |       |     2 |     5 |     6 |     6 |    12 |    40 ||    72
  Use: Scroll            |       |       |       |       |     1 |     1 |       |       |       ||     2
Armor: Leather armour    |       |       |       |       |       |       |       |       |     1 ||     1
Dodge: Dodged            |       |       |       |       |       |       |       |       |     7 ||     7

Table legend: (Time is in decaauts)
 A = Elapsed time spent in this place.
 B = Non-inter-level travel time spent in this place.
 C = Inter-level travel time spent in this place.
 D = Time resting spent in this place.
 E = Time spent auto-exploring this place.
 F = Levels seen in this place.
 G = Mean time per level.
                   A        B        C        D        E       F      G
               +--------+--------+--------+--------+--------+-----+--------+
         Total |    114 |    114 |      0 |      0 |      0 |   1 |  114.0 |
       Dungeon |    114 |    114 |      0 |      0 |      0 |   1 |  114.0 |
               +--------+--------+--------+--------+--------+-----+--------+

Top non-repeatable levels by time:
       D: 114 daAuts
